| TOP OF THE 1ST |
|
Quad Cities River Bandits batting - Pitching for Kannapolis Intimidators : RHP Matt Voulgaris
|
|
Pitching: RHP Matt Voulgaris
|
|
|
Batting: RHB Ben Sutton
|
0-0: Called Strike 0-1: Ball 1-1: Called Strike 1-2: Ball 2-2: Strikes out swinging
|
|
Batting: LHB Fernando Gomez
|
0-0: Ball 1-0: Called Strike 1-1: Ball 2-1: Foul Ball, location: 2F 2-2: Foul Ball, location: 2F 2-2: Strikes out looking
|
|
Batting: LHB Daigo Ishii
|
0-0: Ball 1-0: Called Strike 1-1: Ball 2-1: Fly out, F6 (Flyball, 6D, EV 86.9 MPH)
|
| Top of the 1st over - 0 runs, 0 hits, 0 errors, 0 left on base; Quad Cities 0 - Kannapolis 0 |
| BOTTOM OF THE 1ST |
|
Kannapolis Intimidators batting - Pitching for Quad Cities River Bandits : RHP Isaiah McLaurin
|
|
Pitching: RHP Isaiah McLaurin
|
|
|
Batting: RHB Sean Peake
|
0-0: Called Strike 0-1: Ball 1-1: Foul Ball, location: 2F 1-2: Strikes out swinging
|
|
Batting: RHB Mike Warzecha
|
0-0: Ball 1-0: Ball 2-0: Ball 3-0: Called Strike 3-1: Called Strike 3-2: Ground out 6-3 (Groundball, 56, EV 83.8 MPH)
|
|
Batting: RHB Mark Jones
|
0-0: Ball 1-0: Ball 2-0: Ball 3-0: Called Strike 3-1: SINGLE (Flyball, 8RS, EV 86.2 MPH)
|
|
Batting: LHB Herkko Haavikko
|
0-0: Called Strike 0-1: Ball 1-1: Swinging Strike 1-2: Ball 2-2: Foul Ball, location: 2F 2-2: Ball 3-2: Foul Ball, location: 2F 3-2: Strikes out swinging
|
| Bottom of the 1st over - 0 runs, 1 hit, 0 errors, 1 left on base; Quad Cities 0 - Kannapolis 0 |
| TOP OF THE 2ND |
|
Quad Cities River Bandits batting - Pitching for Kannapolis Intimidators : RHP Matt Voulgaris
|
|
Batting: RHB Erik Smith
|
0-0: SINGLE (Line Drive, 56D, EV 108.8 MPH)
|
|
Batting: LHB Bob Govella
|
0-0: Grounds into double play, 4-6-3 (Groundball, 4S, EV 88.8 MPH)
|
|
Batting: LHB Mike Handrahan
|
0-0: Fly out, F8 (Flyball, 8LD, EV 98.1 MPH)
|
| Top of the 2nd over - 0 runs, 1 hit, 0 errors, 0 left on base; Quad Cities 0 - Kannapolis 0 |
| BOTTOM OF THE 2ND |
|
Kannapolis Intimidators batting - Pitching for Quad Cities River Bandits : RHP Isaiah McLaurin
|
|
Batting: RHB Nick Kleckner
|
0-0: Ball 1-0: Fly out, F9 (Flyball, 89M, EV 88.8 MPH)
|
|
Batting: RHB Armando Vazquez
|
0-0: Foul Ball, location: 2F 0-1: Ball 1-1: Foul Ball, location: 2F 1-2: Foul Ball, location: 2F 1-2: Ball 2-2: Foul Ball, location: 2F 2-2: Ball 3-2: SOLO HOME RUN (Line Drive, 89XD, EV 97.5 MPH), Distance : 393 ft
|
|
Batting: RHB Tatsunori Hayakawa
|
0-0: Ground out 6-3 (Groundball, 6, EV 87.5 MPH)
|
|
Batting: RHB Jose Marquez
|
0-0: Ball 1-0: Ground out 5-3 (Groundball, 56, EV 84.4 MPH)
|
| Bottom of the 2nd over - 1 run, 1 hit, 0 errors, 0 left on base; Quad Cities 0 - Kannapolis 1 |
| TOP OF THE 3RD |
|
Quad Cities River Bandits batting - Pitching for Kannapolis Intimidators : RHP Matt Voulgaris
|
|
Batting: LHB Aldo Kok
|
0-0: Swinging Strike 0-1: Foul Ball, location: 2F 0-2: Foul Ball, location: 2F 0-2: Fly out, F7 (Flyball, 7S, EV 80.6 MPH)
|
|
Batting: RHB Reginald McDougall
|
0-0: Called Strike 0-1: Ball 1-1: Swinging Strike 1-2: Strikes out swinging
|
|
Batting: RHB Lee Wright
|
0-0: Ball 1-0: Foul Ball, location: 2F 1-1: Ball 2-1: Foul Ball, location: 2F 2-2: Ball 3-2: Strikes out swinging
|
| Top of the 3rd over - 0 runs, 0 hits, 0 errors, 0 left on base; Quad Cities 0 - Kannapolis 1 |
| BOTTOM OF THE 3RD |
|
Kannapolis Intimidators batting - Pitching for Quad Cities River Bandits : RHP Isaiah McLaurin
|
|
Batting: RHB Jerry Edmiston
|
0-0: Ground out U3 (Groundball, 34, EV 107.5 MPH)
|
|
Batting: RHB Sean Peake
|
0-0: Ground out 4-3 (Groundball, 4, EV 86.9 MPH)
|
|
Batting: RHB Mike Warzecha
|
0-0: Foul Ball, location: 2F 0-1: Ball 1-1: Ball 2-1: Ball 3-1: Called Strike 3-2: Base on Balls
|
|
Batting: RHB Mark Jones
|
0-0: SINGLE (Line Drive, 7LS, EV 96.2 MPH) Mike Warzecha to second Runner from 2nd tries for 3rd, SAFE, throw by LF made to third
|
|
Batting: LHB Herkko Haavikko
|
0-0: Ball 1-0: Ball 2-0: Ball 3-0: Called Strike 3-1: Base on Balls Mark Jones to second
|
|
Batting: RHB Nick Kleckner
|
0-0: Swinging Strike 0-1: Called Strike 0-2: Ball 1-2: Ball 2-2: Foul Ball, location: 2F 2-2: Strikes out swinging
|
| Bottom of the 3rd over - 0 runs, 1 hit, 0 errors, 3 left on base; Quad Cities 0 - Kannapolis 1 |
| TOP OF THE 4TH |
|
Quad Cities River Bandits batting - Pitching for Kannapolis Intimidators : RHP Matt Voulgaris
|
|
Batting: RHB Ben Sutton
|
0-0: Ball 1-0: Ball 2-0: Foul Ball, location: 2F 2-1: Foul Ball, location: 2F 2-2: SINGLE (Groundball, 6D, EV 101.2 MPH)
|
|
Batting: LHB Fernando Gomez
|
|
|
DELAY
|
Rain delay of 26 minutes in the 4th inning. 0-0: Called Strike 0-1: Ball 1-1: Fly out, F9 (Flyball, 9LM, EV 79.4 MPH)
|
|
Batting: LHB Daigo Ishii
|
0-0: Foul Ball, location: 2F 0-1: Ball 1-1: Ball 2-1: Ball 3-1: Called Strike 3-2: Base on Balls Ben Sutton to second
|
|
Batting: RHB Erik Smith
|
0-0: Swinging Strike 0-1: Called Strike Ben Sutton steals 3rd base 0-2: Strikes out swinging
|
|
Batting: LHB Bob Govella
|
0-0: Ball 1-0: Called Strike 1-1: Foul Ball, location: 2F 1-2: Strikes out swinging, 2-3 out at first.
|
| Top of the 4th over - 0 runs, 1 hit, 0 errors, 2 left on base; Quad Cities 0 - Kannapolis 1 |
| BOTTOM OF THE 4TH |
|
Kannapolis Intimidators batting - Pitching for Quad Cities River Bandits : RHP Isaiah McLaurin
|
|
Batting: RHB Armando Vazquez
|
0-0: Foul Ball, location: 2F 0-1: Foul Ball, location: 2F 0-2: Ball 1-2: Foul Ball, location: 2F 1-2: Foul Ball, location: 2F 1-2: Ground out 6-3 (Groundball, 6, EV 86.2 MPH)
|
|
Batting: RHB Tatsunori Hayakawa
|
0-0: Called Strike 0-1: Ball 1-1: Ball 2-1: Foul Ball, location: 2F 2-2: Foul Ball, location: 2F 2-2: Ground out 5-3 (Groundball, 56S, EV 94.4 MPH)
|
|
Batting: RHB Jose Marquez
|
0-0: Ball 1-0: Ball 2-0: Ball 3-0: Base on Balls
|
|
Batting: RHB Jerry Edmiston
|
0-0: Fly out, F7 (Flyball, 78M, EV 85.6 MPH)
|
| Bottom of the 4th over - 0 runs, 0 hits, 0 errors, 1 left on base; Quad Cities 0 - Kannapolis 1 |
| TOP OF THE 5TH |
|
Quad Cities River Bandits batting - Pitching for Kannapolis Intimidators : RHP Matt Voulgaris
|
|
Batting: LHB Mike Handrahan
|
0-0: Swinging Strike 0-1: Swinging Strike 0-2: Ball 1-2: Ball 2-2: Strikes out swinging
|
|
Batting: LHB Aldo Kok
|
0-0: Called Strike 0-1: Ball 1-1: Ball 2-1: Ball 3-1: Called Strike 3-2: Fly out, F7 (Flyball, 7, EV 76.9 MPH)
|
|
Batting: RHB Reginald McDougall
|
0-0: Ball 1-0: Ball 2-0: Called Strike 2-1: Ground out 3-1 (Groundball, 34, EV 101.2 MPH)
|
| Top of the 5th over - 0 runs, 0 hits, 0 errors, 0 left on base; Quad Cities 0 - Kannapolis 1 |
| BOTTOM OF THE 5TH |
|
Kannapolis Intimidators batting - Pitching for Quad Cities River Bandits : RHP Isaiah McLaurin
|
|
Batting: RHB Sean Peake
|
0-0: Ball 1-0: Foul Ball, location: 2F 1-1: Ball 2-1: Foul Ball, location: 2F 2-2: Fly out, F8 (Flyball, 8LD, EV 96.2 MPH)
|
|
Batting: RHB Mike Warzecha
|
0-0: Ball 1-0: Ball 2-0: DOUBLE (Line Drive, 89XD, EV 102.5 MPH)
|
|
Batting: RHB Mark Jones
|
0-0: Ball 1-0: Ball 2-0: Ground out 5-3 (Groundball, 56, EV 100.6 MPH)
|
|
Batting: LHB Herkko Haavikko
|
0-0: Ball 1-0: Called Strike 1-1: Swinging Strike 1-2: Ball 2-2: Fly out, F9 (Flyball, 9, EV 95.0 MPH)
|
| Bottom of the 5th over - 0 runs, 1 hit, 0 errors, 1 left on base; Quad Cities 0 - Kannapolis 1 |
| TOP OF THE 6TH |
|
Quad Cities River Bandits batting - Pitching for Kannapolis Intimidators : RHP Matt Voulgaris
|
|
Batting: RHB Lee Wright
|
0-0: Ball 1-0: DOUBLE (Line Drive, 7LM, EV 98.8 MPH)
|
|
Batting: RHB Ben Sutton
|
0-0: Ball 1-0: Ball 2-0: Hit by Pitch
|
|
Batting: LHB Fernando Gomez
|
0-0: DOUBLE (Line Drive, 78XD, EV 103.1 MPH) Lee Wright scores Ben Sutton to third
|
|
Batting: LHB Daigo Ishii
|
0-0: Ball 1-0: Ball 2-0: Called Strike 2-1: Swinging Strike 2-2: Strikes out looking
|
|
Batting: RHB Erik Smith
|
0-0: Ground out 6-3 (Groundball, 6S, EV 83.1 MPH)
|
|
Batting: LHB Bob Govella
|
0-0: Called Strike 0-1: Ball 1-1: Ground out 4-3 (Groundball, 4, EV 104.4 MPH)
|
| Top of the 6th over - 1 run, 2 hits, 0 errors, 2 left on base; Quad Cities 1 - Kannapolis 1 |
| BOTTOM OF THE 6TH |
|
Kannapolis Intimidators batting - Pitching for Quad Cities River Bandits : RHP Isaiah McLaurin
|
|
Batting: RHB Nick Kleckner
|
0-0: Called Strike 0-1: Ball 1-1: Ball 2-1: Foul Ball, location: 2F 2-2: Foul Ball, location: 2F 2-2: Strikes out swinging
|
|
Batting: RHB Armando Vazquez
|
0-0: Ball 1-0: Ball 2-0: Ball 3-0: Base on Balls
|
|
Batting: RHB Tatsunori Hayakawa
|
0-0: Ball 1-0: Called Strike 1-1: Ball 2-1: Called Strike 2-2: Ball 3-2: Base on Balls Armando Vazquez to second
|
|
Batting: RHB Jose Marquez
|
0-0: Ball 1-0: Ball 2-0: Ball 3-0: Base on Balls Armando Vazquez to third Tatsunori Hayakawa to second
|
|
Batting: RHB Jerry Edmiston
|
0-0: Ball Passed Ball! Armando Vazquez scores Tatsunori Hayakawa to third Jose Marquez to second 1-0: Ball 2-0: Ball 3-0: Base on Balls
|
|
Pitching: RHP Carlos Zavala
|
|
|
Batting: RHB Sean Peake
|
0-0: Ball 1-0: Called Strike 1-1: Ball 2-1: SINGLE (Line Drive, 34D, EV 97.5 MPH) Tatsunori Hayakawa scores Jose Marquez to third Jerry Edmiston to second
|
|
Batting: RHB Mike Warzecha
|
0-0: Ball 1-0: Ball 2-0: Foul Ball, location: 2F 2-1: Foul Ball, location: 2F 2-2: Ball 3-2: Fly out, F9 (Flyball, 9LD, EV 102.5 MPH)
|
|
Batting: RHB Mark Jones
|
0-0: Ball 1-0: Ball 2-0: Ball 3-0: Called Strike 3-1: Base on Balls Jose Marquez scores Jerry Edmiston to third Sean Peake to second
|
|
Batting: LHB Herkko Haavikko
|
0-0: Called Strike 0-1: SINGLE (Line Drive, 6M, EV 94.4 MPH) Jerry Edmiston scores Sean Peake to third Mark Jones to second Runner from 3rd tries for Home, SAFE, throw by CF to home
|
|
Batting: RHB Nick Kleckner
|
0-0: Ball 1-0: Foul Ball, location: 2F 1-1: Hit by Pitch Mark Jones to third Herkko Haavikko to second
|
|
Pitching: RHP Gabe Torres
|
|
|
Batting: RHB Armando Vazquez
|
0-0: Ball 1-0: Foul Ball, location: 2F 1-1: Foul Ball, location: 2F 1-2: Fly out, F7 (Line Drive, 78S, EV 91.2 MPH)
|
| Bottom of the 6th over - 5 runs, 2 hits, 0 errors, 3 left on base; Quad Cities 1 - Kannapolis 6 |
| TOP OF THE 7TH |
|
Quad Cities River Bandits batting - Pitching for Kannapolis Intimidators : RHP Matt Voulgaris
|
|
Batting: LHB Mike Handrahan
|
0-0: Ball 1-0: Ball 2-0: Foul Ball, location: 2F 2-1: Foul Ball, location: 2F 2-2: Fly out, F7 (Flyball, 7D, EV 84.4 MPH)
|
|
Batting: LHB Aldo Kok
|
0-0: Called Strike 0-1: Called Strike 0-2: Ball 1-2: Strikes out looking
|
|
Batting: RHB Reginald McDougall
|
0-0: Foul Ball, location: 2F 0-1: Ground out 6-3 (Groundball, 6, EV 100.0 MPH)
|
| Top of the 7th over - 0 runs, 0 hits, 0 errors, 0 left on base; Quad Cities 1 - Kannapolis 6 |
| BOTTOM OF THE 7TH |
|
Kannapolis Intimidators batting - Pitching for Quad Cities River Bandits : RHP Gabe Torres
|
|
Batting: RHB Tatsunori Hayakawa
|
0-0: Ball 1-0: Ball 2-0: Called Strike 2-1: Called Strike 2-2: SINGLE (Groundball, 6MD, EV 93.8 MPH)
|
|
Batting: RHB Jose Marquez
|
0-0: Ball 1-0: Ball 2-0: Called Strike Tatsunori Hayakawa steals 2nd base 2-1: TRIPLE (Flyball, 78XD, EV 100.6 MPH) Tatsunori Hayakawa scores
|
|
Batting: RHB Jerry Edmiston
|
0-0: Ball 1-0: Ball 2-0: 2-RUN HOME RUN (Flyball, 7D, EV 96.2 MPH), Distance : 368 ft
|
|
Batting: RHB Sean Peake
|
0-0: Called Strike 0-1: Ground out 6-3 (Groundball, 6M, EV 80.6 MPH)
|
|
Batting: RHB Mike Warzecha
|
0-0: Foul Ball, location: 2F 0-1: Foul Ball, location: 2F 0-2: Strikes out looking
|
|
Batting: RHB Mark Jones
|
0-0: Fly out, F5 (Flyball, 56D, EV 90.6 MPH)
|
| Bottom of the 7th over - 3 runs, 3 hits, 0 errors, 0 left on base; Quad Cities 1 - Kannapolis 9 |
| TOP OF THE 8TH |
|
Quad Cities River Bandits batting - Pitching for Kannapolis Intimidators : RHP Matt Voulgaris
|
|
Batting: RHB Lee Wright
|
0-0: Foul Ball, location: 2F 0-1: Swinging Strike 0-2: Strikes out looking
|
|
Batting: RHB Ben Sutton
|
0-0: Called Strike 0-1: Foul Ball, location: 2F 0-2: Ball 1-2: Ball 2-2: TRIPLE (Line Drive, 89XD, EV 103.8 MPH)
|
|
Pitching: RHP Travis White
|
|
|
Batting: LHB Fernando Gomez
|
0-0: Called Strike 0-1: Ball 1-1: SINGLE (Groundball, 25, EV 65.6 MPH) (infield hit)
|
|
Batting: LHB Daigo Ishii
|
0-0: Ball 1-0: Ball 2-0: Called Strike 2-1: Ball 3-1: Called Strike 3-2: Strikes out looking
|
|
Batting: RHB Erik Smith
|
0-0: Called Strike 0-1: Swinging Strike 0-2: Foul Ball, location: 2F 0-2: Fly out, F8 (Flyball, 8RM, EV 82.5 MPH)
|
| Top of the 8th over - 0 runs, 2 hits, 0 errors, 2 left on base; Quad Cities 1 - Kannapolis 9 |
| BOTTOM OF THE 8TH |
|
Kannapolis Intimidators batting - Pitching for Quad Cities River Bandits : RHP Gabe Torres
|
|
Batting: LHB Herkko Haavikko
|
0-0: Called Strike 0-1: Called Strike 0-2: Strikes out swinging
|
|
Batting: RHB Nick Kleckner
|
0-0: Foul Ball, location: 2F 0-1: Swinging Strike 0-2: SOLO HOME RUN (Flyball, 7LD, EV 94.4 MPH), Distance : 369 ft
|
|
Batting: RHB Armando Vazquez
|
0-0: Ball 1-0: Ball 2-0: Foul Ball, location: 2F 2-1: Foul Ball, location: 2F 2-2: Ball 3-2: Reached on error, E5 (Groundball, 5S, EV 70.6 MPH)
|
|
Batting: RHB Tatsunori Hayakawa
|
0-0: Ball 1-0: Ball 2-0: Ball 3-0: Base on Balls Armando Vazquez to second
|
|
Batting: RHB Jose Marquez
|
0-0: Called Strike 0-1: DOUBLE (Line Drive, 78D, EV 102.5 MPH) Armando Vazquez scores Tatsunori Hayakawa to third
|
|
Pitching: RHP Ray Strehler
|
|
|
Batting: RHB Jerry Edmiston
|
0-0: Ground out 5-3 (Groundball, 56S, EV 81.9 MPH) Tatsunori Hayakawa scores
|
|
Batting: RHB Sean Peake
|
0-0: Ball 1-0: Fly out, F5 (Flyball, 5D, EV 88.8 MPH)
|
| Bottom of the 8th over - 3 runs, 2 hits, 1 error, 1 left on base; Quad Cities 1 - Kannapolis 12 |
| TOP OF THE 9TH |
|
Quad Cities River Bandits batting - Pitching for Kannapolis Intimidators : RHP Travis White
|
|
Batting: LHB Bob Govella
|
0-0: Ball 1-0: Foul Ball, location: 2F 1-1: Ball 2-1: Foul Ball, location: 2F 2-2: Strikes out swinging, 2-3 out at first.
|
|
Batting: LHB Mike Handrahan
|
0-0: Called Strike 0-1: Foul Ball, location: 2F 0-2: Ball 1-2: SINGLE (Groundball, 4MD, EV 108.1 MPH)
|
|
Batting: LHB Aldo Kok
|
0-0: Ball Passed Ball! Mike Handrahan to second 1-0: DOUBLE (Flyball, 8RXD, EV 101.9 MPH) Mike Handrahan scores
|
|
Batting: RHB Reginald McDougall
|
0-0: Ball 1-0: Ball 2-0: 2-RUN HOME RUN (Flyball, 9D, EV 100.0 MPH), Distance : 361 ft
|
|
Batting: RHB Lee Wright
|
0-0: Called Strike 0-1: Foul Ball, location: 2F 0-2: Ground out 5-3 (Groundball, 5L, EV 83.8 MPH)
|
|
Batting: RHB Ben Sutton
|
0-0: Called Strike 0-1: SINGLE (Line Drive, 6MD, EV 99.4 MPH)
|
|
Pitching: LHP Travis Sergo
|
|
|
Batting: LHB Fernando Gomez
|
0-0: Ball 1-0: Foul Ball, location: 2F 1-1: Called Strike 1-2: Foul Ball, location: 2F 1-2: Ball 2-2: Strikes out swinging
|
| Top of the 9th over - 3 runs, 4 hits, 0 errors, 1 left on base; Quad Cities 4 - Kannapolis 12 |
|